 Dungeon Crawl Stone Soup version 0.28-a0-1629-gf728b707aa (webtiles) character file.

Game seed: 18265249141430539209

1936 fragbeetle the Arsonist (level 9, -6/78 HPs)
             Began as a Hill Orc Cinder Acolyte on Jan 25, 2022.
             Was a High Priest of Ignis.
             Mangled by a centaur warrior zombie (9 damage)
             ... on level 7 of the Dungeon.
             The game lasted 00:13:28 (8079 turns).

fragbeetle the Arsonist (Hill Orc Cinder Acolyte)   Turns: 8079, Time: 00:13:29

Health: -6/78      AC:  5    Str: 19    XL:     9   Next: 18%
Magic:  14/14      EV: 11    Int: 14    God:    Ignis [*****.]
Gold:   231        SH:  0    Dex:  8    Spells: 13/15 levels left

rFire   + . .      SeeInvis .   s - +10 morningstar "Eos" {elec, Halo rElec}
rCold   . . .      Faith    .   (no shield)
rNeg    . . .      Spirit   .   f - +0 leather armour
rPois   .          Reflect  .   H - +0 helmet
rElec   +          Harm     .   x - scarf {shadows}
rCorr   .          Rampage  .   q - +0 pair of gloves
Will    .....                   (no boots)
Stlth   +.........              (no amulet)
HPRegen 0.23/turn               (no ring)
MPRegen 0.14/turn               (no ring)

@: glowing
A: no striking features
a: Renounce Religion, Fiery Armour, Foxfire Swarm, Rising Flame


You were on level 7 of the Dungeon.
You worshipped Ignis.
Ignis was extremely pleased with you.
You visited 2 branches of the dungeon, and saw 8 of its levels.
You also visited: Sewer.

You collected 273 gold pieces.
You spent 42 gold pieces at shops.

Inventory:

Hand Weapons
 a - a -1 hand axe of flaming
 k - a +3 dagger
 s - the +10 morningstar "Eos" (weapon) {elec, Halo rElec}
   (You found it on level 4 of the Dungeon)

   It occasionally discharges a powerful burst of electricity upon striking a
   foe.
   It grants its wielder a halo, increasing accuracy against those within it.
   rElec:     It insulates you from electricity.
 y - the +3 dagger of the Wasteland {venom, Will++ Int-3}
   (You found it on level 5 of the Dungeon)

   It poisons the flesh of those it strikes.
   Int:       It affects your intelligence (-3).
   Will:      It greatly increases your willpower.
 B - a +0 hand crossbow
 E - a +0 long sword of flaming
 I - a +2 hand axe of electrocution
Missiles
 j - 21 poisoned darts
 l - a throwing net
 C - 19 bolts
Armour
 f - a +0 leather armour (worn)
 q - a +0 pair of gloves (worn)
 x - a scarf of shadows (worn)
 H - a +0 helmet (worn)
Magical Staves
 e - a staff of conjuration
Jewellery
 h - an amulet of guardian spirit
Wands
 m - a wand of paralysis (7)
 w - a wand of digging (8)
 G - a wand of iceblast (19)
Scrolls
 b - a scroll of enchant weapon {unknown}
 i - a scroll of torment {unknown}
 o - a scroll of brand weapon {unknown}
 u - a scroll of noise {unknown}
 v - 2 scrolls of fog {unknown}
 F - a scroll of teleportation
 K - a scroll of summoning {unknown}
Potions
 c - 3 potions of attraction
 d - a potion of curing {unknown}
 g - a potion of haste {unknown}
 n - 4 potions of mutation
 p - a potion of invisibility {unknown}
 r - a potion of brilliance {unknown}
 t - 4 potions of flight
 z - a potion of magic {unknown}
 A - a potion of resistance {unknown}
 D - 2 potions of might {unknown}
 J - 2 potions of ambrosia


   Skills:
 + Level 6.7 Fighting
 - Level 5.8(7.6) Axes
 * Level 6.2(7.0) Maces & Flails
 * Level 1.1 Armour
 + Level 3.5 Spellcasting
 * Level 8.0 Fire Magic


You had 13 spell levels left.
You knew the following spells:

 Your Spells              Type           Power      Damage    Failure   Level
a - Scorch                Fire           50%        2d8       1%          2

Your spell library contained the following spells:

 Spells                   Type           Power      Damage    Failure   Level
 Shock                    Conj/Air       8%         1d3       24%         1
 Swiftness                Air            2%         N/A       58%         3
 Airstrike                Air            1%         N/A       94%         4
 Malign Gateway           Summ/Tloc      1%         N/A       100%        7
 Borgnjor's Revivificati  Necr           1%         N/A       100%        8
 Necromutation            Tmut/Necr      1%         N/A       100%        8
 Summon Horrible Things   Summ           1%         N/A       100%        8
 Death's Door             Necr           1%         N/A       100%        9


Dungeon Overview and Level Annotations

Branches:
Dungeon (7/15)             Temple (1/1) D:6           Sewer (visited)

Altars:
Ashenzari
Cheibriados
Elyvilon
Fedhas
Gozag
Hepliaklqana
Kikubaaqudgha
Makhleb
Qazlal
Sif Muna
Trog
Uskayaw
Vehumet
Yredelemnul
Zin
The Shining One
Ignis

Shops:
D:1 *   D:5 **=


Message History

The orc warrior hits you with a +0 morningstar! x2
* * * LOW HITPOINT WARNING * * *
You hit the orc warrior.
The orc warrior is severely wounded.
The orc warrior hits you with a +0 morningstar!
* * * LOW HITPOINT WARNING * * *
You thump the orc warrior!
You kill the orc warrior!
Your Armour skill increases to level 1!
Things that are here:
a +0 morningstar; a +0 chain mail A centaur warrior zombie comes into view.
You see here 4 gold pieces.
Things that are here:
a +0 trident; a +0 leather armour; an orc corpse A centaur warrior zombie is nearby!
The centaur warrior zombie closely misses you.
The centaur warrior zombie kicks you.
* * * LOW HITPOINT WARNING * * *
Things that are here:
a +0 trident; a +0 leather armour; an orc corpse You sock the centaur warrior zombie!
The centaur warrior zombie is lightly damaged.
The centaur warrior zombie hits you.
* * * LOW HITPOINT WARNING * * *
The centaur warrior zombie kicks you.
* * * LOW HITPOINT WARNING * * *
The centaur warrior zombie hits you.
* * * LOW HITPOINT WARNING * * *
The centaur warrior zombie kicks you but does no damage.
You bludgeon the centaur warrior zombie!!
The centaur warrior zombie is moderately damaged.
The centaur warrior zombie closely misses you.
The centaur warrior zombie kicks you but does no damage.
You hit the centaur warrior zombie but do no damage.
The centaur warrior zombie is moderately damaged.
The centaur warrior zombie hits you but does no damage.
The centaur warrior zombie kicks you but does no damage.
The centaur warrior zombie hits you!
You die...

#..# # #..#
#.####..###.
.......... #. ......
##.# #..#
###...##Z)#
.......@$(# ≈≈≈#
###...##†.# ≈≈≈#
...........#
≈≈≈##.###.###.##.###
≈≈≈#..≈.≈..≈.....≈##
≈≈≈≈≈≈≈≈≈..≈≈≈≈≈≈.≈#
≈≈≈≈≈≈≈≈≈≈≈≈≈≈≈≈≈≈.#
≈.≈≈≈≈≈≈≈≈≈≈≈.≈≈≈≈≈#
≈≈.≈≈≈≈≈≈≈≈≈.≈≈≈≈≈≈#


You could see a centaur warrior zombie.

Vanquished Creatures
  A water moccasin (D:5)
  2 orc warriors
  2 ogres (D:5)
  A necrophage (D:4)
  A centaur (D:5)
  2 phantoms
  3 kobold brigands (Sewer)
  A bullfrog (D:6)
  A scorpion (D:4)
  2 water moccasin zombies
  2 howler monkeys
  2 jellies (D:6)
  A bullfrog zombie (D:5)
  2 hounds
  A centaur zombie (D:5)
  An orc priest (D:6)
  An iguana (D:5)
  3 orc wizards
  A scorpion zombie (D:5)
  A hound zombie (D:5)
  A hound skeleton (D:5)
  6 gnolls
  8 adders
  3 river rats (Sewer)
  An adder skeleton (D:5)
  4 worms
  2 dart slugs
  11 orcs
  18 endoplasms
  3 giant cockroaches
  5 goblins
  6 hobgoblins
  3 jackals (D:2)
  4 quokkas
  13 ball pythons
  9 bats
  3 frilled lizards
  10 kobolds
  A quokka skeleton (D:4)
  8 rats
150 creatures vanquished.

Vanquished Creatures (others)
  8 fungi
  18 plants
26 creatures vanquished.

Grand Total: 176 creatures vanquished

Notes
Turn   | Place    | Note
-------+----------+-------------------------------------------
     0 | D:1      | fragbeetle the Hill Orc Cinder Acolyte began the quest for
                  | the Orb.
     0 | D:1      | Reached XP level 1. HP: 19/19 MP: 2/2
    78 | D:1      | Found Nuvujeuj's General Store.
   184 | D:1      | Reached XP level 2. HP: 13/27 MP: 3/3
   187 | D:1      | Learned a level 2 spell: Scorch
   890 | D:1      | Found a faded altar of an unknown god.
   899 | D:1      | You fall into a shaft and drop 1 floor!
  1278 | D:1      | Reached XP level 3. HP: 32/33 MP: 4/4
  1590 | D:2      | Reached skill level 4 in Fire Magic
  1590 | D:2      | Reached XP level 4. HP: 18/40 MP: 2/6
  1791 | D:2      | Reached skill level 5 in Axes
  2848 | D:3      | Reached XP level 5. HP: 47/47 MP: 2/7
  2936 | D:3      | Found a white marble altar of Elyvilon.
  3248 | D:4      | Found the +10 morningstar "Eos" {elec, Halo rElec}
  3314 | D:4      | Reached XP level 6. HP: 53/53 MP: 8/8
  3434 | D:4      | Reached skill level 5 in Fire Magic
  3516 | D:4      | Noticed a necrophage
  3525 | D:4      | Killed a necrophage
  3526 | D:4      | Reached skill level 1 in Maces & Flails
  3571 | D:4      | Found a snail-covered altar of Cheibriados.
  4029 | D:5      | Entered Level 5 of the Dungeon
  4035 | D:5      | Found a glowing drain.
  4038 | D:5      | Reached skill level 5 in Fighting
  4038 | D:5      | Reached XP level 7. HP: 61/61 MP: 10/10
  4054 | D:5      | Identified the +3 dagger of the Wasteland {venom, Will++
                  | Int-3}
  4065 | Sewer    | Entered a sewer
  4756 | Sewer    | Reached skill level 6 in Fire Magic
  5164 | D:5      | Found Bigiabra's Assorted Antiques.
  5304 | D:5      | Reached XP level 8. HP: 32/69 MP: 9/12
  5532 | D:5      | Found Vamonygh's General Store.
  5550 | D:5      | Bought a scroll of teleportation for 42 gold pieces
  5555 | D:5      | Found Xiomymen's Jewellery Emporium.
  5760 | D:5      | Reached skill level 7 in Fire Magic
  6079 | D:5      | Reached skill level 5 in Maces & Flails
  6147 | D:5      | Found a stormy altar of Qazlal.
  6353 | D:6      | Found a staircase to the Ecumenical Temple.
  6360 | Temple   | Entered the Ecumenical Temple
  6597 | D:6      | Reached XP level 9. HP: 18/78 MP: 9/14
  7473 | D:7      | Found a hide-covered altar of Uskayaw.
  8024 | D:7      | Reached skill level 8 in Fire Magic
  8033 | D:7      | Reached skill level 1 in Armour
  8077 | D:7      | HP: 2/78 [centaur warrior zombie (6)]
  8079 | D:7      | Mangled by a centaur warrior zombie

Illustrated notes

Levels and vault maps discovered:
D:1:      eino_arrival_water_star, layout_loops_ring, serial_shops,
          nicolae_diamond_shop, shapermc_ecumenical_altar_gd,
          minmay_tetromino_t2
D:2:      layout_basic, minivault_26
D:3:      layout_rooms, mainiacjoe_overflow_concentric_impassable,
          chequers_garden
D:4:      layout_basic, mainiacjoe_overflow_chevrons
D:5:      layout_loops_ring, mainiacjoe_overflow_surrounded_room,
          cheibrodos_sewer_entry_drain, serial_shops, nicolae_take_the_stairs,
          shop, nicolae_diamond_shop, saegor_snake_ambush
D:6:      layout_loops_corners, minmay_temple_entry_arrows
D:7:      layout_loops_ring, grunt_dithmenos_smoke_and_mirrors,
          mainiacjoe_overflow_alcove_2, roderic_batcave,
          hangedman_abyss_or_decor_stagger, kennysheep_decorative_pillar,
          hangedman_abyss_or_decor_passed, chequers_serial_rivers_large_a
Temple:   ebering_untended_altars

Skill      XL: |  1  2  3  4  5  6  7  8  9 |
---------------+----------------------------+-----
Fighting       | 4 5 6 |  6.7
Fire Magic     | 4 5 6 7 8 |  8.0
Axes           | 5 |  5.8
Spellcasting   | 2 3 |  3.5
Maces & Flails | 2 4 5 6 |  6.2
Armour         | 1 |  1.1

Action                   |  1- 3 |  4- 6 |  7- 9 || total
-------------------------+-------+-------+-------++-------
Melee: Hand axe          |    75 |    58 |       ||   133
       Punch             |     1 |       |     1 ||     2
       Morningstar       |       |    16 |   152 ||   168
 Cast: Scorch            |     6 |    23 |     9 ||    38
Evoke: Wand              |       |       |     2 ||     2
  Use: Scroll            |       |       |     5 ||     5
Armor: Robe              |     2 |       |       ||     2
       Leather armour    |    18 |    19 |    37 ||    74
Dodge: Dodged            |    47 |    37 |    93 ||   177

Table legend: (Time is in decaauts)
 A = Elapsed time spent in this place.
 B = Non-inter-level travel time spent in this place.
 C = Inter-level travel time spent in this place.
 D = Time resting spent in this place.
 E = Time spent auto-exploring this place.
 F = Levels seen in this place.
 G = Mean time per level.
                   A        B        C        D        E       F      G
               +--------+--------+--------+--------+--------+-----+--------+
         Total |   8343 |   8207 |    136 |    227 |   6536 |   9 |  927.0 |
       Dungeon |   6994 |   6858 |    136 |    227 |   5521 |   7 |  999.1 |
        Temple |     68 |     68 |      0 |      0 |     42 |   1 |   68.0 |
         Sewer |   1280 |   1280 |      0 |      0 |    973 |   1 | 1280.0 |
               +--------+--------+--------+--------+--------+-----+--------+

Top non-repeatable levels by time:
     D:6: 1612 daAuts
     D:1: 1361 daAuts
   Sewer: 1280 daAuts
     D:5: 1138 daAuts
     D:2: 999 daAuts
     D:4: 885 daAuts
     D:3: 797 daAuts
     D:7: 199 daAuts
  Temple: 68 daAuts
